 Dungeon Crawl Stone Soup version 0.30.1-11-g7821555f0a (webtiles) character file.

Game seed: 8337013471921487302

2875 Peloso the Carver (level 9, -9/75 HPs)
             Began as a Minotaur Fighter on Jan 10, 2024.
             Was a Priest of Okawaru.
             Killed from afar by Maggie (14 damage)
             ... with a bolt of fire
             ... on level 8 of the Dungeon.
             The game lasted 00:23:39 (7784 turns).

Peloso the Carver (Minotaur Fighter)                Turns: 7784, Time: 00:23:40

Health: -9/75      AC:  6    Str: 21    XL:     9   Next: 47%
Magic:  0/8        EV:  5    Int:  5    God:    Okawaru [***...]
Gold:   376        SH: 15    Dex: 14    Spells: 8/8 levels left

rFire   . . .        a - +2 long sword
rCold   . . .        d - +0 tower shield
rNeg    . . .        c - +0 plate armour
rPois   +            (helmet restricted)
rElec   .            (no cloak)
rCorr   .            (no gloves)
SInv    .            (no boots)
Will    .....        q - amulet of guardian spirit Stlth
                     f - ring of poison resistance
HPRegen 0.32/turn    (no ring)
MPRegen 0.11/turn

%: guardian spirit
@: about to teleport, corroded
A: horns 2, retaliatory headbutt
a: Renounce Religion, Heroism


You were on level 8 of the Dungeon.
You worshipped Okawaru.
Okawaru was most pleased with you.
You visited 1 branch of the dungeon, and saw 8 of its levels.
You also visited: Sewer.

You collected 466 gold pieces.
You spent 90 gold pieces at shops.

Inventory:

Hand Weapons
 a - a +2 long sword (weapon)
Armour
 b - a +0 scale mail
 c - a +0 plate armour (worn)
 d - a +0 tower shield (worn)
Jewellery
 f - a ring of poison resistance (left hand)
 m - a ring of magical power
 q - an amulet of guardian spirit (around neck)
 r - a +6 ring of strength
Wands
 i - a wand of acid (9)
Scrolls
 e - 3 scrolls of teleportation
 h - 2 scrolls of enchant armour
 j - a scroll of butterflies
 k - 3 scrolls of magic mapping
 l - 4 scrolls of enchant weapon {unknown}
 n - 2 scrolls of noise
 p - 3 scrolls of fear {unknown}
 s - 2 scrolls of silence {unknown}
 v - 3 scrolls of blinking {unknown}
 x - a scroll of poison
 y - a scroll of fog
 A - a scroll of acquirement
 D - a scroll of immolation {unknown}
Potions
 g - 2 potions of brilliance
 o - 2 potions of might
 t - a potion of invisibility
 w - a potion of mutation
 C - 6 potions of flight


   Skills:
 + Level 6.2 Fighting
 + Level 9.8 Long Blades
 + Level 9.5 Armour
 + Level 2.6 Dodging
 + Level 0.4 Stealth
 + Level 7.6 Shields
 + Level 0.4 Invocations


You had 8 spell levels left.
You didn't know any spells.
Your spell library contained the following spells:

 Spells                   Type           Power      Damage    Failure   Level
 Ensorcelled Hibernation  Hex/Ice        0%         N/A       100%        2
 Passwall                 Tmut/Erth      0%         N/A       100%        2
 Portal Projectile        Hex/Tloc       0%         N/A       100%        3
 Stone Arrow              Conj/Erth      0%         3d7       100%        3
 Swiftness                Air            0%         N/A       100%        3
 Leda's Liquefaction      Hex/Erth       0%         N/A       100%        4
 Lehudib's Crystal Spear  Conj/Erth      0%         10d2      100%        8
 Call Canine Familiar     Summ           Unusable   N/A       N/A         3
 Animate Armour           Summ/Erth      Unusable   N/A       N/A         4

Dungeon Overview and Level Annotations

Branches:
Dungeon (8/15)             Temple (0/1) D:4           Sewer (visited)
   Lair: D:8-11

Altars:
Ashenzari
Cheibriados
Elyvilon
Fedhas
Gozag
Kikubaaqudgha
Okawaru
Ru
Trog
Wu Jian
Yredelemnul
The Shining One

Shops:
D:3 :   D:6 ?

Annotations:
D:4 1 runed translucent door, ozzols's ghost, amateur MiBe
D:5 3 runed translucent doors, Condegh's ghost, novice DjFE
D:8 3 runed translucent doors, Maggie; Marvel's ghost, novice HOFi


Innate Abilities, Weirdness & Mutations

You have a pair of horns on your head.
You reflexively headbutt those who attack you in melee.


Message History

Maggie hits you with a +1 broad axe of flaming!
Maggie burns you.
* * * LOW HITPOINT WARNING * * *
You're too confused to move!
The gnoll hits you but does no damage.
Maggie zaps a wand.
The bolt of acid hits you!
* * * LOW HITPOINT WARNING * * *
You miss Maggie.
Maggie is moderately wounded.
You feel less invigorated.
You feel less confused. You block the gnoll's attack.
You block Maggie's attack.
Aiming: Corrosive Bolt
Press: ? - help, Shift-Dir - straight line, f - Maggie
Aim: Maggie, wielding a +1 broad axe of flaming, wearing +0 acid dragon scales and carrying a wand of acid (3) (moderately wounded, 71% to hit)
The bolt of acid hits Maggie!
Maggie is heavily wounded.
The gnoll hits you but does no damage.
Maggie points at you and mumbles some strange words.
The bolt of fire hits you!
* * * LOW HITPOINT WARNING * * *
Unknown command.
You feel better. You block the gnoll's attack. You block Maggie's attack.
Aiming: Corrosive Bolt
Press: ? - help, Shift-Dir - straight line, f/p - Maggie
Aim: Maggie, wielding a +1 broad axe of flaming, wearing +0 acid dragon scales and carrying a wand of acid (3) (heavily wounded, 71% to hit)
The bolt of acid hits Maggie.
Maggie is heavily wounded.
The gnoll completely misses you.
Maggie zaps a wand.
The bolt of acid hits you!
* * * LOW HITPOINT WARNING * * *
Aiming: Corrosive Bolt
Press: ? - help, Shift-Dir - straight line, f/p - Maggie
Aim: Maggie, wielding a +1 broad axe of flaming, wearing +0 acid dragon scales and carrying a wand of acid (2) (heavily wounded, 71% to hit)
The bolt of acid misses Maggie.
You block the gnoll's attack.
Maggie zaps a wand.
The bolt of acid hits you!
* * * LOW HITPOINT WARNING * * *
As you read the scroll of teleportation, it crumbles to dust.
You feel strangely unstable. You block the gnoll's attack.
Maggie gestures at you while chanting. The bolt of fire hits you!
You die...

###.## #.. ######.##
###.###....#...#....
#.....##...+...#....
#.....##...#...'....
#.....##...#...#....
#.....##...#..######
#..g..##...#..##
#8.@@8##>..#...#
########...'...# .
#8ggg8##...##.## .g
#..g..#######.## ...
#.....# #...# .... #.....#
#...# ...@. #.....# #...#
......##.....#######'######
...........................


You could see Maggie, a gnoll sergeant and 4 gnolls.

Vanquished Creatures
  Grinder (D:6)
  Sigmund (D:4)
  Eustachio (D:3)
  Edmund (D:6)
  A water moccasin (D:5)
  An ice beast (D:5)
  A sky beast (D:8)
  4 centaurs
  An ogre (D:5)
  2 black bears
  2 bullfrogs
  2 kobold brigands
  6 scorpions
  4 wights
  A howler monkey (D:4)
  An orc priest (D:7)
  Crazy Yiuf (D:6)
  2 hounds (D:5)
  A jelly (D:5)
  A sleepcap (D:4)
  5 iguanas
  An orc wizard (D:7)
  9 adders
  6 river rats (Sewer)
  2 shadow imps
  2 worms
  3 dart slugs
  9 orcs
  8 ball pythons
  4 endoplasms
  4 giant cockroaches
  4 goblins
  3 hobgoblins
  3 jackals (Sewer)
  13 kobolds
  3 quokkas
  7 bats
  A frilled lizard (Sewer)
  3 rats
125 creatures vanquished.

Notes
Turn   | Place    | Note
-------+----------+-------------------------------------------
     0 | D:1      | Peloso the Minotaur Fighter began the quest for the Orb.
     0 | D:1      | Reached XP level 1. HP: 19/19 MP: 0/0
    58 | D:1      | You fall into a shaft and drop 1 floor!
   150 | D:2      | Reached XP level 2. HP: 16/27 MP: 1/1
   892 | D:1      | Reached XP level 3. HP: 33/33 MP: 2/2
  1109 | D:3      | Found a sacrificial altar of Ru.
  1109 | D:3      | Found an iron altar of Okawaru.
  1109 | D:3      | Found an ornate altar of the Wu Jian Council.
  1110 | D:3      | Found a basalt altar of Yredelemnul.
  1110 | D:3      | Found a blossoming altar of Fedhas.
  1110 | D:3      | Found an ancient bone altar of Kikubaaqudgha.
  1116 | D:3      | Found a bloodstained altar of Trog.
  1117 | D:3      | Found a snail-covered altar of Cheibriados.
  1117 | D:3      | Found a glowing golden altar of the Shining One.
  1118 | D:3      | Found a broken altar of Ashenzari.
  1121 | D:3      | Became a worshipper of Warmaster Okawaru
  1226 | D:3      | Found Baup's Book Boutique.
  1879 | D:3      | Reached XP level 4. HP: 40/40 MP: 3/3
  2038 | D:4      | Noticed Sigmund
  2056 | D:4      | Killed Sigmund
  2056 | D:4      | Reached * piety under Okawaru
  2057 | D:4      | Reached skill level 5 in Armour
  2057 | D:4      | Reached skill level 1 in Dodging
  2057 | D:4      | Reached XP level 5. HP: 8/47 MP: 4/4
  2253 | D:4      | Found a staircase to the Ecumenical Temple.
  2365 | D:4      | Reached XP level 6. HP: 34/53 MP: 5/5
  2557 | D:4      | Reached skill level 5 in Long Blades
  2557 | D:4      | Noticed Eustachio
  2653 | D:3      | Killed Eustachio
  2653 | D:3      | Reached ** piety under Okawaru
  2654 | D:3      | Reached XP level 7. HP: 47/60 MP: 6/6
  2855 | D:4      | Found a runed translucent door.
  2858 | D:4      | Noticed ozzols's ghost (amateur MiBe)
  3253 | D:5      | Entered Level 5 of the Dungeon
  3399 | D:5      | Reached skill level 5 in Fighting
  3437 | D:5      | Found a runed translucent gate.
  3437 | D:5      | Found a runed translucent gate.
  3438 | D:5      | Found a runed translucent gate.
  3438 | D:5      | Found an opulent altar of Gozag.
  3440 | D:5      | Noticed Condegh's ghost (novice DjFE)
  3448 | D:5      | Reached skill level 5 in Shields
  4402 | D:5      | Reached XP level 8. HP: 56/69 MP: 7/7
  4803 | D:6      | Found a runed translucent door.
  4804 | D:6      | Noticed Crazy Yiuf
  4850 | D:6      | Found Pollor's Magic Scroll Boutique.
  4933 | D:6      | Reached *** piety under Okawaru
  4943 | D:6      | Found a glowing drain.
  4957 | Sewer    | Entered a sewer
  5672 | Sewer    | Identified a scroll of acquirement
  5760 | D:6      | Bought a scroll of magic mapping for 90 gold pieces
  5887 | D:6      | Found a white marble altar of Elyvilon.
  5937 | D:6      | Noticed Grinder
  5953 | D:6      | Paralysed by Grinder for 3 turns
  5963 | D:6      | Paralysed by Grinder for 4 turns
  5991 | D:6      | Killed Grinder
  6078 | D:6      | Noticed Edmund
  6107 | D:6      | Killed Edmund
  6424 | D:6      | Killed Crazy Yiuf
  6589 | D:6      | Reached XP level 9. HP: 64/73 MP: 8/8
  7697 | D:8      | Found a runed translucent gate.
  7697 | D:8      | Found a runed translucent gate.
  7709 | D:8      | Found a runed translucent gate.
  7709 | D:8      | Noticed Marvel's ghost (novice HOFi)
  7743 | D:8      | Found a transporter.
  7750 | D:8      | Noticed Maggie
  7784 | D:8      | Killed from afar by Maggie

Illustrated notes

Levels and vault maps discovered:
D:1:      scummos_arrival_star, layout_basic
D:2:      layout_rooms
D:3:      layout_loops_cross, nicolae_overflows_in_rows, serial_forest,
          infiniplex_forest_lined_room_2, infiniplex_forest_lined_room_3,
          infiniplex_forest_clump_tiny, infiniplex_forest_side_room,
          infiniplex_forest_clump_long, serial_shops, nicolae_shop_waterfront,
          saegor_snake_ambush
D:4:      layout_cave_pods, minmay_temple_entry_glass, ebering_ghost_sewer_d,
          uniq_eustachio, uniq_sigmund
D:5:      layout_layer_cave, ebering_ghost_gozag, minmay_misc_feat_iff,
          serial_bayou_pond_b, kennysheep_generic_room_13
D:6:      layout_loops_cross, nicolae_elyvilon_peaceful_grove,
          cheibrodos_sewer_entry_drain, serial_shops, nicolae_shop_trees,
          uniq_grinder, uniq_crazy_yiuf_cottage, uniq_edmund
D:7:      layout_cave_pools
D:8:      layout_gridville, lightli_temple_of_fire, gammafunk_ghost_necromancy,
          nicolae_diode_basic, uniq_maggie

Skill      XL: |  1  2  3  4  5  6  7  8  9 |
---------------+----------------------------+-----
Shields        | 4 5 6 7 |  7.6
Fighting       | 4 5 6 |  6.2
Armour         | 4 5 6 7 8 9 |  9.5
Long Blades    | 3 4 6 7 8 9 |  9.8
Dodging        | 1 2 |  2.6
Stealth        | |  0.4
Invocations    | |  0.4

Action                     |  1- 3 |  4- 6 |  7- 9 || total
---------------------------+-------+-------+-------++-------
  Melee: Long sword        |    59 |    72 |   351 ||   482
         Headbutt          |     6 |    14 |    73 ||    93
 Invoke: Heroism           |       |       |     4 ||     4
  Evoke: Wand              |       |       |     3 ||     3
    Use: Potion            |       |     3 |     3 ||     6
         Scroll            |       |     2 |    12 ||    14
 Armour: Scale mail        |    24 |       |       ||    24
         Plate armour      |    23 |    53 |   207 ||   283
  Dodge: Dodged            |    33 |    21 |   105 ||   159
  Block: Buckler           |    13 |    25 |    11 ||    49
         Tower shield      |       |       |   336 ||   336
